 Dungeon Crawl Stone Soup version 0.29-a0-321-gf1c400731a (webtiles) character file.

Game seed: 6150674805313990311

3632 kae the Arsonist (level 10, -4/59 HPs)
             Began as a Tengu Fire Elementalist on Apr 4, 2022.
             Was a Follower of Vehumet.
             Shot with a sling bullet by Joseph (22 damage)
             ... on level 8 of the Dungeon.
             The game lasted 00:12:14 (11450 turns).

kae the Arsonist (Tengu Fire Elementalist)         Turns: 11450, Time: 00:12:15

Health: -4/59      AC:  3    Str:  8    XL:     10   Next: 11%
Magic:  13/18      EV: 17    Int: 20    God:    Vehumet [*.....]
Gold:   510        SH:  0    Dex: 15    Spells: 2/19 levels left

rFire   . . .      SeeInvis .   j - +2 scythe (spect)
rCold   . . .      Faith    .   (shield currently unavailable)
rNeg    . . .      Spirit   .   a - +0 robe
rPois   .          Reflect  .   (helmet restricted)
rElec   .          Harm     .   s - +0 cloak
rCorr   .          Rampage  .   (no gloves)
Will    .....                   (boots unavailable)
Stlth   ++........              (no amulet)
HPRegen 0.19/turn               (no ring)
MPRegen 0.16/turn               (no ring)

@: flying quickly and evasively, quick
A: beak, talons 3, nimble flight
a: Renounce Religion


You were on level 8 of the Dungeon.
You worshipped Vehumet.
Vehumet was aware of your devotion.
You visited 2 branches of the dungeon, and saw 10 of its levels.
You also visited: Sewer.

You collected 582 gold pieces.
You spent 72 gold pieces at shops.

Inventory:

Hand Weapons
 j - a +2 spectral scythe (weapon)
 q - a +2 dagger of flaming
Missiles
 r - 3 throwing nets
Armour
 a - a +0 robe (worn)
 s - a +0 cloak (worn)
 v - a +0 buckler
Wands
 i - a wand of iceblast (7)
 t - a wand of acid (24)
Scrolls
 n - 2 scrolls of amnesia
 o - 3 scrolls of enchant weapon
Potions
 b - 2 potions of magic
 c - 3 potions of flight
 d - 2 potions of might
 e - a potion of degeneration
 f - a potion of brilliance
 g - 6 potions of curing
 h - a potion of haste
 k - a potion of heal wounds
 l - 2 potions of attraction
 m - 2 potions of invisibility
 p - a potion of cancellation
 u - a potion of lignification


   Skills:
 + Level 5.3 Fighting
 + Level 5.5 Armour
 + Level 6.1 Dodging
 - Level 2.0 Stealth
 + Level 5.1 Spellcasting
 + Level 7.2 Conjurations
 * Level 9.1 Fire Magic


You had 2 spell levels left.
You knew the following spells:

 Your Spells              Type           Power      Damage    Failure   Level
a - Foxfire               Conj/Fire      100%       2x1d9     1%          1
b - Scorch                Fire           82%        2d9       1%          2
c - Conjure Flame         Conj/Fire      37%        6-21      1%          3
d - Inner Flame           Hex/Fire       23%        N/A       5%          3
e - Flame Wave            Conj/Fire      37%        2d9       4%          4
f - Sticky Flame          Conj/Fire      37%        2d6       4%          4

Your spell library contained the following spells:

 Spells                   Type           Power      Damage    Failure   Level
 Shock                    Conj/Air       76%        1d7       2%          1
 Static Discharge         Conj/Air       19%        N/A       4%          2
 Animate Skeleton         Necr           10%        N/A       12%         1
 Pain                     Necr           20%        1d5       12%         1
 Fulminant Prism          Conj/Hex       9%         3d7       26%         4
 Iskenderun's Mystic Bla  Conj/Tloc      19%        2d6       26%         4
 Tukima's Dance           Hex            5%         N/A       34%         3
 Vampiric Draining        Necr           5%         2d6       34%         3
 Animate Dead             Necr           2%         N/A       75%         4
 Dispel Undead            Necr           5%         3d7       75%         4
 Passage of Golubria      Tloc           5%         N/A       75%         4
 Borgnjor's Vile Clutch   Necr/Erth      2%         N/A       97%         5
 Lee's Rapid Deconstruct  Erth           2%         3d6*      97%         5
 Yara's Violent Unravell  Hex/Tmut       2%         3d3       97%         5
 Death Channel            Necr           2%         N/A       100%        6


Dungeon Overview and Level Annotations

Branches:
Dungeon (9/15)             Temple (1/1) D:5            Lair (0/6) D:8
  Sewer (visited)
    Orc: D:9-12

Altars:
Ashenzari
Cheibriados
Dithmenos
Elyvilon
Fedhas
Gozag
Hepliaklqana
Kikubaaqudgha
Makhleb
Nemelex Xobeh
Okawaru
Qazlal
Ru
Sif Muna
Uskayaw
Vehumet
Wu Jian
Xom
Yredelemnul
Zin
The Shining One

Shops:
D:1 *   D:5 =

Annotations:
D:8 exclusion: yak, Erica; Joseph
D:9 exclusion: troll, Harold; p0werm0de's ghost, journeyman MiFi


Innate Abilities, Weirdness & Mutations

You have a beak for a mouth.
You have claws for feet.
Your magical nature lets you fly swiftly and evasively.


Message History

Something tries to affect you, but you resist.
You feel much better. Something closely misses you.
The kobold throws a stone.
The stone misses you.
Reach: j) +2 scythe (spect)
Press: ? - help, Dir - move target, f - kobold
Aim: a kobold, wielding the +6 long sword of Xydghiaga {freeze, rElec rPois Will+ Dex+2} and quivering stones (about 55% to evade your +2 spectral scythe)
Something you can't see is in the way.
You miss something. You peck something.
Your +2 spectral scythe hits something!!
Vehumet accepts your kill.
You feel your power returning.
Reactivating autopickup.
You feel a bit more experienced. The kobold completely misses you.
You barely miss the kobold. Your kick misses the kobold.
Your +2 spectral scythe misses the kobold.
The kobold hits you with the +6 long sword of Xydghiaga {freeze, rElec rPois Will+ Dex+2}!
The kobold freezes you.
The kobold hits you with the +6 long sword of Xydghiaga {freeze, rElec rPois Will+ Dex+2}.
The kobold freezes you.
You completely miss the kobold. You claw the kobold.
You kill the kobold!
Vehumet accepts your kill.
You feel your power returning.
You feel much better. The orc barely misses you. The orc misses you.
You hit the orc. You claw the orc, but do no damage.
The orc is severely wounded.
Your +2 spectral scythe closely misses the orc.
The orc misses you. The orc closely misses you. x2
The orc hits you but does no damage.
You hit the orc.
You kill the orc!
Vehumet accepts your kill.
You feel your power returning. The orc barely misses you. The orc misses you.
You barely miss the orc. You claw the orc, but do no damage.
Your +2 spectral scythe hits the orc from afar!
You kill the orc!
Vehumet accepts your kill.
Joseph unwields a +0 quarterstaff.
Joseph wields a +0 hunting sling.
Joseph shoots a sling bullet.
The sling bullet hits you!!
Joseph shoots a sling bullet.
The sling bullet hits you!!
You die...

##.. ##. #. ## # ##
#################g
##))@..))).o..>....
#######.@#######.........
#......(### #...######
######....# #..)...#..
####.# #......'.. #.#
#...8..'.. #.##
#......'..
#..#####......#..
##....########### ####.#


You could see Joseph and a friendly +2 spectral scythe (summoned).

Vanquished Creatures
  Pikel (D:6)
  Sigmund (D:3)
  2 wyverns
  An orc warrior (D:8)
  A black bear (D:6)
  3 ice beasts
  2 sky beasts
  A centaur (D:9)
  6 kobold brigands
  A bullfrog (D:9)
  2 scorpions
  2 necrophages
  3 wights (D:7)
  4 killer bees (D:7)
  An electric eel (D:9)
  A howler monkey (D:5)
  2 hounds
  A jelly (D:5)
  Crazy Yiuf (D:6)
  A gnoll shaman (D:7)
  2 orc priests
  4 iguanas
  7 orc wizards
  15 gnolls
  13 adders
  4 river rats
  6 worms
  24 orcs
  6 bats
  9 endoplasms
  3 giant cockroaches
  4 goblins
  9 hobgoblins
  2 jackals (D:1)
  18 kobolds
  2 quokkas
  7 ball pythons
  5 frilled lizards
  11 rats
188 creatures vanquished.

Vanquished Creatures (others)
  530 foxfires
  8 fungi (D:2)
  3 toadstools (D:2)
541 creatures vanquished.

Grand Total: 729 creatures vanquished

Notes
Turn   | Place    | Note
-------+----------+-------------------------------------------
     0 | D:1      | kae the Tengu Fire Elementalist began the quest for the
                  | Orb.
     0 | D:1      | Reached XP level 1. HP: 10/10 MP: 4/4
   123 | D:1      | Reached XP level 2. HP: 15/15 MP: 4/6
   212 | D:1      | Learned a level 2 spell: Scorch
   312 | D:1      | Found Hamaot's Assorted Antiques.
   364 | D:1      | Bought a dark potion for 24 gold pieces
   364 | D:1      | Bought a fuming emerald potion for 24 gold pieces
   364 | D:1      | Bought a fuming emerald potion for 24 gold pieces
   781 | D:1      | Reached XP level 3. HP: 20/20 MP: 5/7
   791 | D:1      | Learned a level 3 spell: Conjure Flame
  1215 | D:2      | Reached skill level 4 in Fire Magic
  1217 | D:2      | Reached skill level 1 in Armour
  1840 | D:2      | Found a faded altar of an unknown god.
  1973 | D:2      | Reached skill level 1 in Fighting
  1973 | D:2      | Reached XP level 4. HP: 25/25 MP: 4/8
  2231 | D:3      | Noticed Sigmund
  2280 | D:3      | Killed Sigmund
  2281 | D:3      | Gained mutation: Your magical nature lets you fly swiftly
                  | and evasively. [Tengu growth]
  2281 | D:3      | Reached XP level 5. HP: 18/30 MP: 5/9
  2281 | D:3      | Reached XP level 6. HP: 21/35 MP: 5/10
  2405 | D:3      | Found a glowing drain.
  2420 | D:3      | Reached skill level 5 in Fire Magic
  2421 | Sewer    | Entered a sewer
  2780 | Sewer    | Reached XP level 7. HP: 25/40 MP: 6/12
  3897 | D:3      | Learned a level 3 spell: Inner Flame
  4891 | D:4      | Reached skill level 6 in Fire Magic
  5276 | D:4      | Reached XP level 8. HP: 46/46 MP: 4/14
  5894 | D:4      | Found a blossoming altar of Fedhas.
  6300 | D:5      | Entered Level 5 of the Dungeon
  6501 | D:5      | Found a staircase to the Ecumenical Temple.
  6511 | Temple   | Entered the Ecumenical Temple
  6674 | Temple   | Became a worshipper of Vehumet
  6716 | D:5      | Found Taugiwet's Jewellery Emporium.
  6775 | D:5      | Found a shadowy altar of Dithmenos.
  7024 | D:5      | Reached skill level 5 in Conjurations
  7426 | D:5      | Reached skill level 7 in Fire Magic
  7731 | D:6      | Noticed a wyvern
  8036 | D:6      | Found a runed translucent door.
  8037 | D:6      | Noticed Crazy Yiuf
  8321 | D:6      | Noticed Pikel
  8340 | D:6      | Killed a wyvern
  8354 | D:6      | Killed Pikel
  8355 | D:6      | Reached skill level 5 in Dodging
  8355 | D:6      | Reached XP level 9. HP: 50/52 MP: 1/16
  9103 | D:6      | Reached skill level 8 in Fire Magic
  9546 | D:6      | Killed Crazy Yiuf
 10090 | D:7      | Found an ornate altar of the Wu Jian Council.
 10115 | D:7      | Reached skill level 5 in Armour
 10166 | D:7      | Reached * piety under Vehumet
 10166 | D:7      | Offered knowledge of Shock by Vehumet.
 10456 | D:7      | Reached skill level 5 in Fighting
 10531 | D:7      | Reached skill level 5 in Spellcasting
 10561 | D:7      | Found an iron altar of Okawaru.
 10639 | D:7      | You are sucked into a shaft and drop 2 floors!
 10644 | D:8      | Noticed Joseph
 10644 | D:8      | Noticed Erica
 10650 | D:9      | Reached XP level 10. HP: 58/59 MP: 15/18
 10779 | D:9      | Noticed p0werm0de's ghost (journeyman MiFi)
 10792 | D:9      | Noticed Harold
 10801 | D:8      | Found a staircase to the Lair.
 10909 | D:8      | Found a snail-covered altar of Cheibriados.
 10947 | D:8      | Reached skill level 9 in Fire Magic
 11331 | D:8      | Identified a scroll of acquirement
 11331 | D:8      | Acquired a book of Touch
 11338 | D:8      | Learned a level 4 spell: Flame Wave
 11343 | D:8      | Learned a level 4 spell: Sticky Flame
 11376 | D:8      | Identified the +6 long sword of Xydghiaga {freeze, rElec
                  | rPois Will+ Dex+2}
 11450 | D:8      | Shot with a sling bullet by Joseph

Illustrated notes

Levels and vault maps discovered:
D:1:      dpeg_arrival_rooms_a, layout_basic, serial_shops,
          nicolae_shop_overgrown_old_shop
D:2:      layout_rooms, hellmonk_ecumenical_altar_crossroads,
          minmay_gold_behind_fungi
D:3:      layout_loops_corners, lightli_sewer_entry_pipes,
          kennysheep_minor_cross, uniq_sigmund
D:4:      minmay_recursive_quarters, layout_layer_cave, fedhas_altar_3,
          kennysheep_cross_room
D:5:      layout_basic, nicolae_dithmenos_through_a_glass_darkly,
          minmay_temple_entry_butterflies, serial_shops,
          nicolae_shop_competitors_out_of_business,
          amcnicky_mini_rare_corridor_liquid
D:6:      layout_basic, uniq_crazy_yiuf_cottage, uniq_pikel
D:7:      layout_basic, pdpol_wu_jian_five_deadly_venoms,
          overflow_temple_1_default, chequers_serial_rivers_micro_e
D:8:      layout_rooms, mainiacjoe_overflow_surrounded_room, slow_altar_2,
          lair_entry_dummy, uniq_joseph, uniq_erica
D:9:      layout_basic, gammafunk_ghost_icy, amcnicky_altar_lugonu_corruption,
          uniq_harold
Temple:   nicolae_temple_elliptical

Skill      XL: |  1  2  3  4  5  6  7  8  9 10 |
---------------+-------------------------------+-----
Conjurations   | 2 3 4 6 7 |  7.2
Fire Magic     | 4 5 6 7 8 9 |  9.1
Armour         | 1 2 3 4 5 |  5.5
Fighting       | 1 2 3 4 5 |  5.3
Dodging        | 3 4 5 6 |  6.1
Spellcasting   | 3 4 5 |  5.1
Stealth        | |  2.0

Action                   |  1- 3 |  4- 6 |  7- 9 | 10-12 || total
-------------------------+-------+-------+-------+-------++-------
Melee: Unarmed           |    26 |       |       |       ||    26
       Kick              |     5 |       |     6 |     4 ||    15
       Peck              |     4 |       |     7 |     3 ||    14
       Scythe            |       |       |    46 |    10 ||    56
 Cast: Foxfire           |    59 |    50 |   200 |    36 ||   345
       Scorch            |       |       |    59 |     8 ||    67
       Conjure Flame     |       |       |     8 |     1 ||     9
Evoke: Wand              |       |     1 |     2 |       ||     3
  Use: Scroll            |     5 |     4 |    13 |     2 ||    24
       Potion            |       |       |     2 |     2 ||     4
 Stab: Sleeping          |       |       |     1 |       ||     1
Armor: Robe              |    20 |       |    10 |     6 ||    36
Dodge: Dodged            |    37 |    10 |   105 |    36 ||   188

Table legend: (Time is in decaauts)
 A = Elapsed time spent in this place.
 B = Non-inter-level travel time spent in this place.
 C = Inter-level travel time spent in this place.
 D = Time resting spent in this place.
 E = Time spent auto-exploring this place.
 F = Levels seen in this place.
 G = Mean time per level.
                   A        B        C        D        E       F      G
               +--------+--------+--------+--------+--------+-----+--------+
         Total |  11063 |  10874 |    189 |    830 |   8325 |  11 | 1005.7 |
       Dungeon |   9746 |   9591 |    155 |    720 |   7367 |   9 | 1082.9 |
        Temple |    163 |    129 |     34 |      0 |    115 |   1 |  163.0 |
         Sewer |   1153 |   1153 |      0 |    110 |    842 |   1 | 1153.0 |
               +--------+--------+--------+--------+--------+-----+--------+

Top non-repeatable levels by time:
     D:6: 2030 daAuts
     D:3: 1487 daAuts
     D:4: 1326 daAuts
     D:1: 1163 daAuts
   Sewer: 1153 daAuts
     D:5: 1130 daAuts
     D:2: 960 daAuts
     D:7: 866 daAuts
     D:8: 630 daAuts
  Temple: 163 daAuts
     D:9: 152 daAuts
